 Dungeon Crawl Stone Soup version 0.32-a0-913-g739538afd8 (webtiles) character file.

Game seed: 9107456244498271778

493 jasper the Digger (level 6, -2/78 HPs)
             Began as a Mountain Dwarf Earth Elementalist on Apr 7, 2024.
             Was an Initiate of Vehumet.
             Slain by a killer bee (4 damage)
             ... on level 5 of the Dungeon.
             The game lasted 00:05:00 (3555 turns).

jasper the Digger (MDEE)                            Turns: 3555, Time: 00:05:01

Health: -2/78      AC: 23    Str: 11    XL:     6   Next: 92%
Magic:  1/11       EV:  2    Int: 17    God:    Vehumet [......]
Gold:   100        SH:  0    Dex: 10    Spells: 2/11 levels left

rFire   + . .        (no weapon)
rCold   + . .        (no shield)
rNeg    . . .        p - melded +1 leather armour
rPois   +            (helmet currently unavailable)
rElec   +            (cloak currently unavailable)
rCorr   +            (gloves currently unavailable)
SInv    .            (boots currently unavailable)
Will    .....        (no amulet)
Stlth   ++           j - ring of poison resistance
HPRegen 0.33/turn    u - ring of resist corrosion
MPRegen 0.12/turn

%: no passive effects
@: tree-form (expiring), resistant
A: stationary, stasis, torment immunity, boosted hp, runic magic, artefact
enchanting
a: Renounce Religion


You were on level 5 of the Dungeon.
You worshipped Vehumet.
Vehumet was noncommittal.
You were a tree.
You visited 2 branches of the dungeon, and saw 6 of its levels.

You collected 284 gold pieces.
You spent 184 gold pieces at shops.

Inventory:

Hand Weapons
 g - a +0 club
 h - a +0 hand axe
 w - a +2 rapier of venom
Missiles
 m - 6 poisoned darts
Armour
 a - a +0 robe
 p - a +1 leather armour (melded)
Magical Staves
 v - a staff of alchemy
Jewellery
 i - an amulet of faith
 j - a ring of poison resistance (left branch)
 u - a ring of resist corrosion (right branch)
Scrolls
 c - 3 scrolls of identify
 o - a scroll of amnesia {unknown}
 s - a scroll of acquirement {unknown}
Potions
 b - a potion of magic
 d - 2 potions of mutation
 e - a potion of curing {unknown}
 l - a potion of haste
 n - a potion of attraction
 q - 4 potions of heal wounds {unknown}
 r - a potion of might {unknown}
 t - 2 potions of ambrosia {unknown}
 x - 2 potions of berserk rage {unknown}


   Skills:
 + Level 3.6 Fighting
 - Level 1.3 Dodging
 - Level 1.4 Stealth
 + Level 3.4 Spellcasting
 - Level 0.8 Conjurations
 * Level 6.5 Earth Magic


You had 2 spell levels left.
You knew the following spells:

 Your Spells              Type           Power      Damage    Failure   Level
a - Sandblast             Erth           50%        2d12      1%          1
b - Passwall              Erth           25%        N/A       3%          3
c - Blink                 Tloc           4%         N/A       26%         2
d - Stone Arrow           Conj/Erth      30%        3d8       11%         3

Your spell library contained the following spells:

 Spells                   Type           Power      Damage    Failure   Level
 Foxfire                  Conj/Fire      16%        2x1d4     14%         1
 Momentum Strike          Conj/Tloc      8%         3d8       22%         2
 Lesser Beckoning         Tloc           4%         N/A       26%         2
 Mercury Vapours          Alch/Air       4%         N/A       26%         2
 Brom's Barrelling Bould  Conj/Erth      15%        2d4       36%         4
 Dazzling Flash           Conj/Hex       8%         N/A       38%         3
 Mephitic Cloud           Conj/Alch/Air  3%         N/A       41%         3
 Petrify                  Alch/Erth      14%        N/A       41%         4
 Curse of Agony           Necr           2%         N/A       99%         5
 Freezing Cloud           Conj/Ice/Air   1%         6-21      99%         5
 Silence                  Hex/Air        1%         N/A       99%         5
 Plasma Beam              Fire/Air       1%         2x1d11    100%        6
 Starburst                Conj/Fire      2%         6d3       100%        6


Dungeon Overview and Level Annotations

Branches:
Dungeon (5/15)             Temple (1/1) D:5

Altars:
Dithmenos
Elyvilon
Fedhas
Hepliaklqana
Makhleb
Qazlal
Ru
Uskayaw
Vehumet
Xom
Yredelemnul

Shops:
D:5 (

Annotations:
D:4 Dowan, Duvessa


Innate Abilities, Weirdness & Mutations

You are a tree.
Your roots penetrate the ground, keeping you stationary.
You cannot be teleported.
You are immune to unholy pain and torment.
Your maximum health is greatly increased.
Your equipment is partially melded.
Your spellcasting is much less encumbered by armour.
You can use scrolls of enchantment on lesser artefacts.


Message History

Press: ? - help, Q - select action, (/) - cycle Shift-Dir - straight line, f - killer bee
Aim: a killer bee (65% to hit)
The blast of sand hits the killer bee!
The killer bee is almost dead.
The killer bee stings you but does no damage. x3
Aiming: Sandblast (safe; 1% risk of failure)
Press: ? - help, Q - select action, (/) - cycle Shift-Dir - straight line, f/p - killer bee
Aim: a killer bee (almost dead, 65% to hit)
The blast of sand misses the killer bee.
Your transformation is almost over.
The killer bee stings you but does no damage. x3
You now have 3/11 mp.
Aiming: Sandblast (safe; 1% risk of failure)
Press: ? - help, Q - select action, (/) - cycle Shift-Dir - straight line, f/p - killer bee
Aim: a killer bee (almost dead, 65% to hit)
The blast of sand misses the killer bee.
The killer bee stings you but does no damage.
The killer bee stings you.
* * * LOW HITPOINT WARNING * * *
The killer bee stings you but does no damage.
You now have 2/11 mp.
Aiming: Sandblast (safe; 1% risk of failure)
Press: ? - help, Q - select action, (/) - cycle Shift-Dir - straight line, f/p - killer bee
Aim: a killer bee (almost dead, 65% to hit)
The blast of sand misses the killer bee.
The killer bee stings you but does no damage. x2
The killer bee stings you.
* * * LOW HITPOINT WARNING * * *
You take 5 damage, and have 6/78 hp.
You now have 1/11 mp.
You miss the killer bee.
The killer bee is almost dead.
The killer bee stings you.
* * * LOW HITPOINT WARNING * * *
The killer bee stings you but does no damage.
You take 4 damage, and have 2/78 hp.
You barely miss the killer bee.
The killer bee is almost dead.
The killer bee stings you but does no damage.
The killer bee stings you.
You die...

....# ###.#### ....## ....#
##.## ...[.# #.### ##.#.##
....# #'## ##.###.## ....
...## ##.## ##.## ..# #
....###.## ##.######.## ##
.....###.## ##.###......#.
##.
......###.###.####.###.....#
#..
......'....#....♣y........#..
+..
......####...#####.####..##
#.. .....## #...# #.# .## ##.
..>.## ###.# #.# .y ## ...##
#.# #.. #. # #'## #.# ### y
#.# #.# #.# #.# #.## #.#


You could see a killer bee.

Vanquished Creatures
  A centaur (D:5)
  A scorpion (D:5)
  2 killer bees (D:5)
  A bombardier beetle (D:5)
  A hound (D:5)
  2 sleepcaps (D:5)
  An iguana (D:5)
  An orc wizard (D:5)
  5 adders
  2 dart slugs
  A ribbon worm (D:2)
  2 orcs
  4 endoplasms
  A giant cockroach (D:1)
  4 goblins
  4 hobgoblins
  2 quokkas
  3 ball pythons
  5 bats
  5 frilled lizards
  4 kobolds
  8 rats
60 creatures vanquished.

Notes
Turn   | Place    | Note
-------+----------+-------------------------------------------
     0 | D:1      | jasper the Mountain Dwarf Earth Elementalist began the
                  | quest for the Orb.
     0 | D:1      | Reached XP level 1. HP: 14/14 MP: 3/3
   525 | D:1      | Reached XP level 2. HP: 22/22 MP: 2/4
  1089 | D:2      | Reached skill level 1 in Fighting
  1305 | D:2      | Reached skill level 4 in Earth Magic
  1305 | D:2      | Reached XP level 3. HP: 28/28 MP: 1/6
  1309 | D:2      | Learned a level 3 spell: Passwall
  1312 | D:2      | Learned a level 2 spell: Blink
  1708 | D:3      | Found a blossoming altar of Fedhas.
  2291 | D:4      | Noticed Duvessa
  2291 | D:4      | Noticed Dowan
  2413 | D:4      | Reached XP level 4. HP: 33/36 MP: 2/7
  2520 | D:4      | Noticed a black bear
  2529 | D:5      | Entered Level 5 of the Dungeon
  2530 | D:5      | Noticed a scorpion
  2539 | D:5      | Killed a scorpion
  2540 | D:5      | Reached skill level 5 in Earth Magic
  2540 | D:5      | Reached XP level 5. HP: 27/42 MP: 0/9
  2544 | D:5      | Learned a level 3 spell: Stone Arrow
  2690 | D:5      | Found a sacrificial altar of Ru.
  2912 | D:5      | Found Menic's Weapon Emporium.
  2922 | D:5      | Bought a +2 rapier of venom for 184 gold pieces
  2927 | D:5      | Found a staircase to the Ecumenical Temple.
  2935 | Temple   | Entered the Ecumenical Temple
  2945 | Temple   | Became a worshipper of Vehumet
  3075 | D:5      | Reached XP level 6. HP: 28/51 MP: 2/10
  3489 | D:5      | Reached skill level 6 in Earth Magic
  3554 | D:5      | HP: 2/78 [killer bee (5)]
  3555 | D:5      | Slain by a killer bee

Illustrated notes

Levels and vault maps discovered:
D:1:      minmay_arrival_diagonal_passages, layout_basic
D:2:      layout_rooms
D:3:      layout_rooms, overflow_temple_1_default, kennysheep_generic_room_6
D:4:      layout_cave_pools, mainiacjoe_overflow_alcove_4, serial_shops, shop,
          chequers_serial_rivers_micro_e, minmay_fractal_squares_5, uniq_pikel,
          uniq_duvessa
D:5:      layout_loops_corners, nicolae_ru_great_annihilating_truth,
          minmay_temple_entry_hall, serial_shops, shop, minmay_misc_feat_room
Temple:   nicolae_temple_bog_church

Skill      XL: |  1  2  3  4  5  6 |
---------------+-------------------+-----
Spellcasting   | 2 3 |  3.4
Fighting       | 1 2 3 |  3.6
Earth Magic    | 4 5 6 |  6.5
Dodging        | |  1.3
Stealth        | |  1.4
Conjurations   | |  0.8

Action                     |  1- 3 |  4- 6 || total
---------------------------+-------+-------++-------
  Melee: Hand axe          |     1 |       ||     1
         Rapier            |       |     2 ||     2
         Unarmed           |       |     2 ||     2
  Throw: Dart              |     3 |       ||     3
   Cast: Sandblast         |    67 |    51 ||   118
    Use: Scroll            |     9 |       ||     9
         Potion            |       |     2 ||     2
 Armour: Robe              |     5 |       ||     5
         Leather armour    |    10 |    28 ||    38
         Skin              |       |    38 ||    38
  Dodge: Dodged            |    15 |    14 ||    29

Table legend: (Time is in decaauts)
 A = Elapsed time spent in this place.
 B = Non-inter-level travel time spent in this place.
 C = Inter-level travel time spent in this place.
 D = Time resting spent in this place.
 E = Time spent auto-exploring this place.
 F = Levels seen in this place.
 G = Mean time per level.
                   A        B        C        D        E       F      G
               +--------+--------+--------+--------+--------+-----+--------+
         Total |   3611 |   3412 |    199 |    154 |   2747 |   6 |  601.8 |
       Dungeon |   3590 |   3409 |    181 |    154 |   2747 |   5 |  718.0 |
        Temple |     20 |      2 |     18 |      0 |      0 |   1 |   20.0 |
               +--------+--------+--------+--------+--------+-----+--------+

Top non-repeatable levels by time:
     D:1: 1045 daAuts
     D:5: 1028 daAuts
     D:3: 816 daAuts
     D:2: 622 daAuts
     D:4: 78 daAuts
  Temple: 20 daAuts
